Unix NetHack Version 5.0.0-0 post-release - last build May  4 2026 22:22:43 (774f63e81ad911689b3a0859ea89b322d5daca8d,branch:main).

Game began 2026-05-05 20:11:05, ended 2026-05-05 20:15:46.

A4Paper, chaotic female elven Wizard

 --------
 |......|
 |......|
 |......|
 |......-#
 |...>..|#     ---------
 |......|##### |........####
 --------    # |.......|
             ##-......*.#                   #d
               |...<...|#                #f#@
               ---------####-------------|-
                           #|.............|
                           #..............|
                            |.............|
                            |.............|
                            |.............|
                            ---------------

A4Paper the Conjurer      St:9 Dx:15 Co:14 In:20 Wi:8 Ch:9  Chaotic S:409
Dlvl:4  $:29 HP:0(18) Pw:11(30) AC:9  Xp:3/55 T:1057 

Latest messages:
 This door is locked.
 In what direction?
 The door crashes open!
 The hobgoblin hits!
 In what direction?
 The spell hits the hobgoblin!
 You kill the hobgoblin!
 Welcome to experience level 3.
 In what direction?
 The spell misses the acid blob.
 You hit the acid blob.
 Your hands no longer glow so brightly red.
 The acid blob appears confused.
 You kill the acid blob!
 You are splashed by the acid blob's acid!
 You see here an acid blob corpse.
 There is an acid blob corpse here; eat it? [ynq] (n)
 You have a very bad case of stomach acid.
 Wizard is about to die.
 You finish eating the acid blob corpse.
 You swap places with Bluey.
 You find a hidden door.
 The wood nymph opens a door.
 You already found a monster.  Use 'm' prefix to force another search.
 You already found a monster.  Use 'm' prefix to force another search.
 You already found a monster.  Use 'm' prefix to force another search.
 You hit the wood nymph!
 Your hands no longer glow so brightly red.
 The wood nymph appears confused.
 The wood nymph stole an uncursed wooden flute.
 The wood nymph vanishes!
 The hobgoblin hits!
 In what direction?
 The spell hits the hobgoblin!
 You kill the hobgoblin!
 You hear some noises in the distance.
 There is a hobgoblin corpse here; eat it? [ynq] (n)
 This hobgoblin corpse is gamey.
 You stop eating the hobgoblin corpse.
 Bluey eats a partly eaten hobgoblin corpse.
 The jackal bites!
 You miss the jackal.
 The jackal bites!
 You miss the jackal.
 The jackal bites!
 You miss the jackal.
 The jackal bites!
 You die...
 Do you want your possessions identified? [ynq] (y)
 Do you want to see your attributes? [ynq] (y)

Inventory:
 Coins    ('$')
  $ - 29 gold pieces
 Weapons  (')')
  a - a blessed +1 quarterstaff (weapon in hands)
 Armor    ('[')
  b - an uncursed +0 cloak of magic resistance (being worn)
 Scrolls  ('?')
  j - an uncursed scroll of charging
  h - an uncursed scroll of scare monster
  i - an uncursed scroll of stinking cloud
 Spellbooks  ('+')
  l - an uncursed spellbook of create monster
  k - a blessed spellbook of force bolt
 Potions  ('!')
  s - an uncursed potion of gain energy
  g - an uncursed potion of oil
  u - an uncursed potion of sickness
  f - 2 uncursed potions of water
 Rings    ('=')
  d - an uncursed +1 ring of gain constitution
  e - an uncursed ring of stealth
 Wands    ('/')
  c - a wand of secret door detection (0:13)
 Tools    ('(')
  n - an uncursed blindfold
  m - a magic marker (0:21)
  v - an uncursed towel
  r - an uncursed partly used wax candle
 Gems/Stones  ('*')
  t - an uncursed agate stone

A4Paper the Wizard's attributes:

Background:
 You were a Conjurer, a level 3 female elven Wizard.
 You were chaotic, nominally on a mission for Anhur
 who was opposed by Ptah (lawful) and Thoth (neutral).
 You were right-handed.
 You were in the Dungeons of Doom, on level 4.
 You entered the dungeon 1057 turns ago.
 You had 55 experience points, 25 more were needed to attain level 4.
 Your score was 409 before end-of-game adjustments.

Basics:
 You had 0 out of 18 hit points.
 You had 11 out of 30 energy points (spell power).
 Your armor class was 9.
 Your wallet contained 29 zorkmids.
 Autopickup was off.

Final Characteristics:
 Your strength was 9 (limit:18).
 Your dexterity was 15 (limit:18).
 Your constitution was 14 (limit:16).
 Your intelligence was 20 (limit:20).
 Your wisdom was 8 (limit:20).
 Your charisma was 9 (limit:18).

Final Status:
 You weren't hungry.
 You were unencumbered.
 You were wielding a quarterstaff.
 You had basic skill with quarterstaff.

Final Attributes:
 You were devoutly aligned.
 You were magic-protected.
 You had infravision.
 You would have confused monsters when hitting them.
 You were warded.
 You are dead.

Miscellaneous:
 You didn't encounter any bones levels.
 Total elapsed playing time was 4 minutes and 40 seconds.

Major events:
 Turn
    1: A4Paper the chaotic female elven Wizard entered the dungeon
  992: attained the rank of Conjurer (level 3)
 1057: killed by a jackal

Spells:
 Name                 Level Category     Fail Retention
 force bolt             1   attack         0%  91%-100%
 create monster         2   clerical      27%  76%-100%

Skills:
 Fighting Skills
   bare handed combat [Unskilled]
   riding             [Unskilled]
 Weapon Skills
   dagger             [Unskilled]
   knife              [Unskilled]
   axe                [Unskilled]
   short sword        [Unskilled]
   club               [Unskilled]
   mace               [Unskilled]
   quarterstaff       [Basic]
   polearms           [Unskilled]
   spear              [Unskilled]
   trident            [Unskilled]
   sling              [Unskilled]
   dart               [Unskilled]
   shuriken           [Unskilled]
 Spellcasting Skills
   attack spells      [Basic]
   healing spells     [Unskilled]
   divination spells  [Unskilled]
   enchantment spells [Basic]
   clerical spells    [Unskilled]
   escape spells      [Unskilled]
   matter spells      [Unskilled]

Voluntary challenges:
 Character rerolling was not enabled.
 You were an atheist.
 You never genocided any monsters.
 You never polymorphed an object.
 You never changed form.
 You used no wishes.
Achievement:
 You attained the rank of Conjurer.

 The Dungeons of Doom: levels 1 to 4
    Level 1:
       A grave.
    Level 2:
    Level 3:
    Level 4: <- You were here.
       Final resting place for
          you, killed by a jackal.


Vanquished creatures:
  a kobold leader
 an acid blob
  2 hobgoblins
  a jackal
  2 foxes
  2 kobolds
  a goblin
  2 lichens
  3 newts
15 creatures vanquished.

No species were genocided or became extinct.

Game over:
                       ----------
                      /          \
                     /    REST    \
                    /      IN      \
                   /     PEACE      \
                  /                  \
                  |     A4Paper      |
                  |      29 Au       |
                  |   killed by a    |
                  |      jackal      |
                  |                  |
                  |                  |
                  |       2026       |
                 *|     *  *  *      | *
        _________)/\\_//(\/(/\)/\//\/|_)_______

Goodbye A4Paper the Wizard...

You died in The Dungeons of Doom on dungeon level 4 with 407 points,
and 29 pieces of gold, after 1057 moves.
You were level 3 with a maximum of 18 hit points when you died.

